Map: [ESL] Stargazers

Players

Has - Winner!

  • Race: Protoss Protoss
  • Spawn Location: 11:00

ButAlways

  • Race: Protoss Protoss
  • Spawn Location: 1:00

Event: DreamHack SC2 Masters 2022 Atlanta (Online)

VOD

Have the link to the VOD?

Description

Time

  • Played on: Sept. 30, 2022, 9:02 a.m.
  • Length: 7:55

All games in this series

Show
View Real Time Build Order
Export as new Build Order

Has Protoss - Winner!

Build Orders:  

Get SALT Encoding   

  12  0:00  Probe  
  13  0:12  Probe  
  14  0:17  Pylon  
  14  0:24  Probe (Chrono Boost)  
  16  0:37  Gateway, Probe (Chrono Boost)  
  16  0:41  Probe (Chrono Boost)  
  17  0:52  Gateway  
  17  0:55  Probe (Chrono Boost)  
  18  1:00  Assimilator  
  18  1:07  Probe (Chrono Boost)  
  18  1:10  Assimilator  
  19  1:16  Probe (Chrono Boost)  
  20  1:24  Cybernetics Core  
  20  1:26  Probe  
  20  1:32  Zealot  
  23  1:41  Pylon  
  24  2:07  Nexus  
  23  2:10  Warp Gate  
  23  2:19  Stalker  
  26  2:22  Probe  
  26  2:33  Stalker (Chrono Boost)  
  28  2:38  Probe  
  28  2:43  Pylon  
  28  2:50  Probe  
  29  2:55  Sentry (Chrono Boost)  
  31  3:02  Robotics Facility, Probe  
  32  3:14  Probe (Chrono Boost)  
  33  3:21  Probe (Chrono Boost)  
  33  3:24  Stalker  
  33  3:26  Probe (Chrono Boost)  
  37  3:30  Probe (Chrono Boost)  
  37  3:32  Probe (Chrono Boost)  
  39  3:35  Probe (Chrono Boost)  
  39  3:36  Stalker  
  42  3:42  Probe  
  42  3:47  Probe  
  41  3:54  Probe  
  40  3:57  Warp Prism  
  42  4:03  Probe  
  42  4:07  Probe  
  42  4:12  Stalker  
  44  4:17  Probe (Chrono Boost)  
  44  4:19  Probe (Chrono Boost)  
  46  4:29  Probe (Chrono Boost)  
  46  4:31  Probe (Chrono Boost)  
  46  4:33  Forge  
  47  4:43  Stalker  
  48  4:48  Probe x2  
  50  4:57  Stalker  
  51  5:00  Probe  
  53  5:12  Probe  
  53  5:23  Probe  
  53  5:24  Protoss Ground Weapons Level 1, Pylon  
  54  5:33  Twilight Council  
  54  5:34  Pylon  
  54  5:42  Probe x2  
  56  5:48  Gateway  
  56  5:51  Gateway  
  56  5:53  Stalker x2  
  56  5:54  Probe x2  
  56  5:56  Pylon  
  62  5:58  Assimilator  
  62  5:59  Observer (Chrono Boost)  
  63  6:04  Blink (Chrono Boost)  
  63  6:08  Probe  
  63  6:10  Dark Shrine  
  64  6:23  Probe  
  57  6:31  Warp Prism (Chrono Boost), Probe  
  57  6:32  Stalker x2  
  56  6:33  Shield Battery  
  56  6:35  Probe  
  56  6:36  Shield Battery  
  59  6:41  Pylon  
  59  6:42  Shield Battery  
  59  6:45  Stalker  
  61  6:48  Stalker  
  63  6:57  Stalker x2  
  63  7:12  Probe x2  
  65  7:16  Assimilator  
  65  7:24  Dark Templar x2  
  65  7:26  Stalker  
  65  7:28  Shield Battery  
  65  7:29  Pylon  
  71  7:34  Pylon  
  71  7:38  Pylon  
  71  7:40  Stalker  
Show
View Real Time Build Order
Export as new Build Order

ButAlways Protoss 

Build Orders: Oracle Opening 

Get SALT Encoding   

  12  0:00  Probe  
  13  0:12  Probe  
  14  0:18  Pylon  
  14  0:24  Probe (Chrono Boost)  
  15  0:36  Probe (Chrono Boost)  
  15  0:40  Gateway  
  16  0:45  Probe (Chrono Boost)  
  16  0:48  Assimilator  
  17  0:51  Probe  
  18  0:59  Assimilator  
  18  1:03  Probe  
  19  1:15  Probe  
  19  1:16  Pylon  
  20  1:27  Cybernetics Core  
  20  1:28  Zealot (Chrono Boost)  
  22  1:33  Probe  
  23  1:45  Probe  
  24  1:53  Pylon  
  24  1:57  Probe  
  25  2:06  Sentry, Pylon  
  27  2:10  Probe  
  28  2:20  Stargate  
  28  2:35  Stalker  
  28  2:43  Warp Gate  
  28  2:47  Shield Battery, Probe  
  29  3:02  Oracle (Chrono Boost)  
  32  3:19  Probe  
  33  3:24  Nexus  
  33  3:30  Oracle (Chrono Boost)  
  36  3:35  Probe  
  37  3:47  Probe  
  38  3:59  Probe  
  38  4:00  Twilight Council  
  39  4:02  Pylon  
  39  4:11  Probe  
  40  4:23  Gateway, Probe  
  38  4:28  Gateway  
  38  4:31  Gateway  
  38  4:35  Probe  
  38  4:36  Probe, Blink (Chrono Boost)  
  40  4:47  Probe  
  41  4:55  Stalker  
  41  4:57  Phoenix (Chrono Boost)  
  40  5:18  Probe x2  
  39  5:25  Stalker x2  
  43  5:30  Probe x2  
  45  5:35  Pylon  
  45  5:42  Probe x2  
  46  5:44  Stalker  
  46  5:49  Stalker  
  51  5:54  Probe  
  51  5:55  Probe  
  53  5:58  Stalker  
  53  6:03  Gateway  
  55  6:07  Probe  
  55  6:08  Stalker  
  58  6:11  Stalker  
  60  6:22  Stalker x2  
  60  6:31  Gateway  
  60  6:34  Assimilator  
  60  6:35  Stalker x2  
  64  6:46  Stalker  
  66  6:51  Assimilator  
  66  6:55  Pylon  
  59  7:08  Stalker x3  
  59  7:10  Probe  
  66  7:15  Stalker  
  68  7:25  Stalker  
  70  7:32  Stalker x3  
  70  7:36  Pylon x2  
Tags
 
Add a new tag
Caveats
  • Supply blocks, unpowered buildings, or Contaminate may cause inaccurate times.
  • Supply counts are checked every 10 seconds.